 Dungeon Crawl Stone Soup version 0.26.0-10-g1f06aea511 (webtiles) character file.

Game seed: 17302263812039345647

84850 raph the Frost Mage (level 15, -4/126 HPs)
             Began as a Yellow Draconian Ice Elementalist on Jan 18, 2021.
             Was the Champion of Nemelex Xobeh.
             Engulfed by a death drake (shapeshifter)'s foul pestilence (12 damage)
             ... on level 15 of the Dungeon on Jan 19, 2021.
             The game lasted 02:18:31 (41317 turns).

raph the Frost Mage (DrIE)                         Turns: 41317, Time: 02:18:32

Health: -4/126     AC: 20    Str: 11    XL:     15   Next: 36%
Magic:  28/28      EV: 21    Int: 20    God:    Nemelex Xobeh [******]
Gold:   554        SH: 13    Dex: 13    Spells: 2/33 levels left

rFire    + + .     SeeInvis +   b - +3 Elemental Staff {rElec rF++ rC++ Will++ AC+5}
rCold    + + +     Faith    .   D - +3 buckler {reflect}
rNeg     . . .     Spirit   .   (armour unavailable)
rPois    .         Reflect  +   Y - +0 mask of the Dragon {Will+ Slay+3 SInv}
rElec    +         Harm     .   i - +2 cloak {Will+}
rCorr    +         Rampage  .   r - +0 pair of gloves
Will     +++++                  n - +1 pair of boots
Stlth    ++++......             j - amulet of reflection
HPRegen  0.31/turn              u - ring of protection from cold
MPRegen  0.21/turn              C - +4 ring of evasion

@: lethally poisoned (-4 -> -12), slowed, very slow
A: spit acid, unfitting armour, acidic bite, cold-blooded, acid resistance, AC
+9
a: Breathe Acid, Renounce Religion, Draw Escape, Draw Destruction, Draw
Summoning, Triple Draw, Deal Four, Stack Five


You were on level 15 of the Dungeon.
You worshipped Nemelex Xobeh.
Nemelex Xobeh was exalted by your worship.
You visited 3 branches of the dungeon, and saw 22 of its levels.

You collected 2290 gold pieces.
You spent 1736 gold pieces at shops.

Inventory:

Hand Weapons
 a - a +4 morningstar
 b - the +3 Elemental Staff (weapon) {rElec rF++ rC++ Will++ AC+5}
   (You acquired it on level 2 of the Orcish Mines)

   It affects your AC (+5).
   It greatly protects you from fire.
   It greatly protects you from cold.
   It insulates you from electricity.
   It affects your willpower, your defense against some magical effects.
 W - a +4 vorpal mace
Missiles
 c - 734 stones
 P - 7 curare-tipped darts
Armour
 i - a +2 cloak of willpower (worn)
 n - a +1 pair of boots (worn)
 r - a +0 pair of gloves (worn)
 D - a +3 buckler of reflection (worn)
 Y - the +0 mask of the Dragon (worn) {Will+ Slay+3 SInv}
   (You found it on level 14 of the Dungeon)

   It affects your accuracy and damage with ranged weapons and melee attacks
   (+3).
   It affects your willpower, your defense against some magical effects.
   It lets you see invisible.
Magical Staves
 E - an uncursed staff of cold
 M - an uncursed staff of fire
 R - an uncursed staff of conjuration
Jewellery
 j - an amulet of reflection (around neck)
 u - a ring of protection from cold (left hand)
 y - an uncursed amulet of the acrobat
 C - a +4 ring of evasion (right hand)
 O - an uncursed ring of fire
Wands
 w - a wand of enslavement (13)
 A - a wand of flame (107)
 G - a wand of disintegration (9)
 H - a wand of acid (14)
 J - a wand of iceblast (6)
 L - a wand of polymorph (12)
 U - a wand of paralysis (16)
Scrolls
 d - a scroll of enchant weapon
 f - 7 scrolls of amnesia
 h - 14 scrolls of remove curse
 k - a scroll of magic mapping
 l - 6 scrolls of identify
 p - 5 scrolls of fear
 z - 7 scrolls of teleportation
 F - 3 scrolls of enchant armour
 V - a scroll of fog
 Z - a scroll of summoning
Potions
 e - 5 potions of magic
 m - 3 potions of lignification
 o - 2 potions of invisibility
 q - 2 potions of haste
 s - a potion of berserk rage
 x - 2 potions of brilliance
 B - 7 potions of mutation
 I - 2 potions of flight
 K - 2 potions of resistance
 Q - 2 potions of ambrosia
 T - a potion of might
 X - 9 potions of curing
Miscellaneous
 v - a box of beasts


   Skills:
 + Level 10.1 Fighting
 - Level 10.0 Maces & Flails
 + Level 8.9 Dodging
 + Level 8.5 Stealth
 - Level 4.0 Shields
 + Level 9.6 Spellcasting
 - Level 10.0 Conjurations
 + Level 3.2 Hexes
 - Level 4.8 Summonings
 - Level 3.3 Necromancy
 - Level 3.9 Translocations
 * Level 11.4 Ice Magic
 - Level 4.0 Invocations
 - Level 6.0 Evocations


You had 2 spell levels left.
You knew the following spells:

 Your Spells              Type           Power        Failure   Level
a - Freeze                Ice            100%         1%          1
b - Frozen Ramparts       Ice            100%         1%          3
c - Ozocubu's Armour      Ice            70%          1%          3
d - Summon Ice Beast      Ice/Summ       59%          2%          4
e - Hailstorm             Conj/Ice       68%          1%          4
f - Searing Ray           Conj           98%          1%          2
g - Dazzling Flash        Conj/Hex       72%          1%          3
h - Magic Dart            Conj           100%         1%          1
i - Iskenderun's Mystic   Conj/Tloc      37%          4%          4
j - Animate Skeleton      Necr           44%          1%          1
k - Metabolic Englaciati  Hex/Ice        28%          10%         5

Your spell library contained the following spells:

 Spells                   Type           Power        Failure   Level
 Corona                   Hex            24%          1%          1
 Pain                     Necr           88%          1%          1
 Summon Small Mammal      Summ           100%         1%          1
 Call Imp                 Summ           29%          1%          2
 Ensorcelled Hibernation  Hex/Ice        100%         1%          2
 Slow                     Hex            22%          2%          2
 Sandblast                Erth           28%          8%          1
 Passwall                 Tmut/Erth      11%          11%         2
 Stone Arrow              Conj/Erth      88%          2%          3
 Call Canine Familiar     Summ           29%          3%          3
 Gell's Gravitas          Tloc           12%          4%          3
 Portal Projectile        Hex/Tloc       48%          4%          3
 Summon Guardian Golem    Hex/Summ       25%          4%          3
 Fulminant Prism          Conj/Hex       18%          4%          4
 Confusing Touch          Hex            22%          5%          3
 Tukima's Dance           Hex            22%          5%          3
 Vampiric Draining        Necr           11%          5%          3
 Inner Flame              Hex/Fire       24%          11%         3
 Animate Dead             Necr           11%          19%         4
 Cause Fear               Hex            11%          19%         4
 Summon Lightning Spire   Summ/Air       29%          26%         4
 Leda's Liquefaction      Hex/Erth       12%          36%         4
 Agony                    Necr           22%          45%         5
 Petrify                  Tmut/Erth      14%          58%         4
 Yara's Violent Unravell  Hex/Tmut       8%           71%         5
 Lee's Rapid Deconstruct  Erth           7%           90%         5


Dungeon Overview and Level Annotations

Branches:
Dungeon (15/15)            Temple (0/1) D:7            Lair (5/6) D:8
 Shoals (0/4) Lair:3        Snake (0/4) Lair:3        Slime (0/5) Lair:5
    Orc (2/2) D:12            Elf (0/3) Orc:2        Vaults (0/5) D:14
 Depths: D:15

Altars:
Ashenzari
Hepliaklqana
Nemelex Xobeh
Sif Muna
Uskayaw
Xom
The Shining One
Beogh
Jiyva
Lugonu

Shops:
D:4 [   D:8 }[[*   D:13 (   D:15 ==   Orc:2 ?=?[

Annotations:
D:7 2 transporters, askman's ghost, novice DsFi


Innate Abilities, Weirdness & Mutations

You can spit globs of acid.
Your golden yellow scales are hard. (AC +9)
You cannot fit into any form of body armour.
You have acidic saliva.
You are cold-blooded and may be slowed by cold attacks.
You are resistant to acid. (rCorr)


Message History

Your ugly thing skeleton hits the death drake but does no damage.
You block the harpy skeleton's attack. The harpy skeleton claws you.
* * * LOW HITPOINT WARNING * * *
Okay, then.
Okay, then.
Okay, then.
You feel better.
You are engulfed in dark miasma.
You are lethally poisoned!
* * * LOW HITPOINT WARNING * * *
x2 You feel very sick.
Your ugly thing skeleton hits the death drake.
The death drake barely misses you.
You block the harpy skeleton's attack. x2
Your ugly thing skeleton misses the death drake.
The death drake closely misses you. The harpy skeleton claws you.
* * * LOW HITPOINT WARNING * * *
You block the harpy skeleton's attack.
You feel better.
You are engulfed in dark miasma.
You are lethally poisoned!
You die...
Your body glows slightly and disappears.

#.................##
....##.............
....##.........#....
..## ###....######..
.. ##.##.## #
#..#.)## #.....Z####
#.....#..#k..##
.......##..Z@..#
..#.............# .
#..#.##..##..##
...###....##### ...
...... .# .####..


You could see a death drake, a harpy skeleton (slow) and a friendly ugly thing
skeleton (fast).

Vanquished Creatures
  Rupert (D:14)
  Gastronok (D:8)
  An orc warlord (Orc:1)
  An ironheart preserver (D:14)
  An ogre mage (D:11)
  11 hydras
  4 boulder beetles
  A centaur warrior (D:14)
  6 two-headed ogres
  2 death yaks
  2 orc high priests
  Sonja (Lair:5)
  Nergalle (Lair:2)
  A fire crab (Lair:5)
  3 skeletal warriors (D:10)
  4 unseen horrors
  Pikel (D:8)
  A wizard (D:14)
  2 deep elf magi
  4 orc knights
  2 manticores
  2 orc sorcerers
  9 ugly things
  3 centaur zombies
  3 cyclopes
  5 elephants
  2 black mambas
  Joseph (D:8)
  A torpor snail (Lair:3)
  A gargoyle (D:13)
  9 cane toads
  3 rime drakes
  4 kobold demonologists (D:14)
  A centaur skeleton (D:14)
  7 komodo dragons
  5 trolls
  2 polar bears (Lair:4)
  A hornet (D:8)
  Prince Ribbit (D:6)
  9 slime creatures
  A merfolk (shapeshifter) (D:15)
  A snapping turtle (Lair:3)
  9 blink frogs
  3 shadows
  6 wraiths
  47 yaks
  3 vampires
  Eustachio (D:6)
  A wyvern (D:11)
  9 basilisks
  A steam dragon (Lair:3)
  7 vampire mosquitoes
  7 nagas (Lair:3)
  6 wargs
  5 water moccasins
  52 orc warriors
  17 ogres
  3 ice beasts
  A necrophage (D:12)
  4 black bears
  2 sky beasts
  16 centaurs
  A phantom (D:11)
  6 wolves
  2 lemures (D:8)
  2 big kobolds
  A gnoll sergeant (D:7)
  28 bullfrogs
  2 wyvern skeletons
  6 scorpions
  8 killer bees
  9 wights
  4 howler monkeys
  3 electric eels
  A bullfrog zombie (D:11)
  A quasit (D:10)
  3 hounds
  A bullfrog skeleton (D:8)
  17 orc priests
  Crazy Yiuf (D:3)
  4 jellies
  25 orc wizards
  2 iguanas
  Natasha (D:3)
  A gnoll shaman (D:10)
  11 worker ants
  A hound skeleton (D:9)
  8 gnolls
  11 adders
  4 shadow imps
  5 white imps
  An ufetubus (D:10)
  2 oozes
  An adder zombie (D:5)
  A dart slug (D:3)
  5 worms
  8 leopard geckos
  64 orcs
  6 giant cockroaches
  6 hobgoblins
  19 jackals
  20 kobolds
  2 quokkas
  2 bats
  6 frilled lizards
  6 goblins
  A goblin zombie (D:9)
  A hobgoblin zombie (D:9)
  A leopard gecko skeleton (D:5)
  An orc skeleton (D:9)
  9 rats
653 creatures vanquished.

Vanquished Creatures (collateral kills)
  A hydra (D:11)
  A death yak (Lair:4)
  An orc knight (Orc:2)
  2 slime creatures (D:13)
  2 elephants (Lair:4)
  2 yaks
  5 orc warriors
  A tengu (D:11)
  2 bullfrogs (D:11)
  A scorpion (D:11)
  A wyvern skeleton (D:10)
  A hound (D:11)
  A killer bee zombie (D:7)
  A white imp (D:9)
  3 orcs
  A goblin zombie (D:9)
  2 hobgoblin zombies (D:9)
  A kobold skeleton (D:9)
  A kobold zombie (D:9)
  An orc skeleton (D:9)
  An orc zombie (D:9)
  A rat (D:11)
33 creatures vanquished.

Vanquished Creatures (others)
  28 fungi
  62 plants
90 creatures vanquished.

Grand Total: 776 creatures vanquished

Notes
Turn   | Place    | Note
-------+----------+-------------------------------------------
     0 | D:1      | raph the Draconian Ice Elementalist began the quest for the
                  | Orb.
     0 | D:1      | Reached XP level 1. HP: 14/14 MP: 3/3
   291 | D:1      | Reached XP level 2. HP: 9/20 MP: 0/5
   601 | D:1      | Found a sparkling altar of Nemelex Xobeh.
   605 | D:1      | Became a worshipper of Nemelex Xobeh the Trickster
  1321 | D:1      | Reached XP level 3. HP: 26/26 MP: 4/6
  1325 | D:1      | Learned a level 3 spell: Frozen Ramparts
  2100 | D:2      | Reached skill level 1 in Shields
  2187 | D:2      | Reached XP level 4. HP: 31/33 MP: 2/7
  2764 | D:2      | Learned a level 3 spell: Ozocubu's Armour
  2923 | D:3      | Found a runed translucent door.
  2924 | D:3      | Noticed Crazy Yiuf
  2929 | D:3      | Killed Crazy Yiuf
  3191 | D:3      | Reached skill level 5 in Ice Magic
  3404 | D:3      | Reached XP level 5. HP: 38/38 MP: 5/9
  3753 | D:3      | Noticed Natasha
  3759 | D:3      | Killed Natasha
  4318 | D:4      | Found Qocuq's Antique Armour Shoppe.
  4321 | D:4      | Bought a pair of boots for 112 gold pieces
  4766 | D:4      | Bought a pair of gloves for 112 gold pieces
  4969 | D:4      | Found a sparkling altar of Nemelex Xobeh.
  5170 | D:5      | Entered Level 5 of the Dungeon
  5170 | D:5      | Noticed an ogre
  5396 | D:5      | Reached XP level 6. HP: 45/45 MP: 7/10
  5396 | D:5      | Found a hazy altar of Hepliaklqana.
  5401 | D:5      | Learned a level 4 spell: Summon Ice Beast
  5592 | D:5      | Reached skill level 1 in Invocations
  5686 | D:5      | Reached * piety under Nemelex Xobeh
  6002 | D:5      | Received a gift from Nemelex Xobeh
  6551 | D:5      | Reached skill level 6 in Ice Magic
  6551 | D:5      | Your scales start taking on a golden yellow colour.
  6551 | D:5      | Reached XP level 7. HP: 50/50 MP: 3/12
  6551 | D:5      | Gained mutation: You are resistant to acid. (rCorr) [Yellow
                  | Draconian growth]
  6726 | D:5      | Reached skill level 1 in Summonings
  7446 | D:6      | Received a gift from Nemelex Xobeh
  7447 | D:6      | Noticed Prince Ribbit
  7454 | D:6      | Killed Prince Ribbit
  7455 | D:6      | Reached skill level 7 in Ice Magic
  7455 | D:6      | Reached XP level 8. HP: 51/57 MP: 1/14
  8129 | D:6      | Noticed Eustachio
  8136 | D:6      | Killed Eustachio
  8245 | D:6      | Reached ** piety under Nemelex Xobeh
  8444 | D:6      | Received a gift from Nemelex Xobeh
  8920 | D:7      | Learned a level 4 spell: Hailstorm
  9051 | D:7      | Identified the +3 dire flail of Distraction {vorpal, *Rage
                  | rElec SInv}
  9051 | D:7      | Noticed a two-headed ogre
  9052 | D:7      | Found a transporter.
  9056 | D:7      | Found a transporter.
  9056 | D:7      | Noticed askman's ghost (novice DsFi)
  9107 | D:7      | Found a staircase to the Ecumenical Temple.
  9152 | D:7      | Reached skill level 8 in Ice Magic
  9295 | D:7      | Found a broken altar of Ashenzari.
  9542 | D:8      | Found a hide-covered altar of Uskayaw.
  9552 | D:8      | Found Botenal's General Store.
  9586 | D:8      | Bought a potion of degeneration for 14 gold pieces
  9589 | D:8      | Bought a wand of flame (17) for 133 gold pieces
  9604 | D:8      | Reached skill level 1 in Evocations
  9641 | D:8      | Noticed Gastronok
  9968 | D:9      | Found a glowing golden altar of the Shining One.
 10079 | D:9      | Reached XP level 9. HP: 29/63 MP: 9/16
 10080 | D:9      | Reached skill level 1 in Fighting
 10086 | D:9      | Reached skill level 1 in Maces & Flails
 10300 | D:9      | Learned a level 2 spell: Searing Ray
 10546 | D:9      | Reached skill level 1 in Conjurations
 10715 | D:9      | Reached *** piety under Nemelex Xobeh
 10899 | D:8      | Found Egoeliti's Armour Emporium.
 10925 | D:8      | Bought a +1 buckler of reflection for 189 gold pieces
 10947 | D:8      | Found Nisamm's Antique Armour Shoppe.
 11020 | D:8      | Noticed an elephant
 11036 | D:8      | Killed an elephant
 11037 | D:8      | Reached skill level 5 in Spellcasting
 11091 | D:8      | Found a staircase to the Lair.
 11100 | D:8      | Received a gift from Nemelex Xobeh
 11142 | D:8      | Noticed Joseph
 11255 | D:8      | Killed Joseph
 11606 | D:8      | Reached skill level 9 in Ice Magic
 11606 | D:8      | Reached XP level 10. HP: 71/75 MP: 8/17
 11684 | D:8      | Killed Gastronok
 11763 | D:8      | Found Raghilotz's Gadget Shop.
 11795 | D:8      | You fall into a shaft and drop 2 floors!
 11795 | D:10     | Entered Level 10 of the Dungeon
 12093 | D:10     | Noticed a two-headed ogre
 12100 | D:10     | Killed a two-headed ogre
 12101 | D:10     | Reached skill level 5 in Evocations
 12473 | D:8      | Noticed Pikel
 12481 | D:8      | Killed Pikel
 12482 | D:8      | Reached skill level 5 in Conjurations
 12668 | Lair:1   | Entered Level 1 of the Lair of Beasts
 12770 | Lair:1   | Reached **** piety under Nemelex Xobeh
 12784 | Lair:1   | Reached XP level 11. HP: 84/84 MP: 6/19
 13145 | Lair:1   | Received a gift from Nemelex Xobeh
 13407 | Lair:1   | Learned a level 3 spell: Dazzling Flash
 13815 | Lair:2   | Reached skill level 10 in Ice Magic
 14003 | Lair:2   | Received a gift from Nemelex Xobeh
 14109 | Lair:2   | Noticed Nergalle
 14112 | Lair:2   | Identified the +0 hand axe of Diet Blood {vorpal, Str+3
                  | Int+6}
 14121 | Lair:2   | Killed Nergalle
 14204 | Lair:2   | Reached skill level 5 in Fighting
 14387 | Lair:2   | Reached skill level 5 in Dodging
 14853 | Lair:2   | Received a gift from Nemelex Xobeh
 15722 | Lair:3   | Noticed a four-headed hydra
 15728 | Lair:3   | Killed a four-headed hydra
 15729 | Lair:3   | Reached skill level 5 in Maces & Flails
 15792 | Lair:3   | Reached ***** piety under Nemelex Xobeh
 15927 | Lair:3   | Noticed a six-headed hydra
 15947 | Lair:3   | Killed a six-headed hydra
 15948 | Lair:3   | Reached XP level 12. HP: 96/96 MP: 11/22
 16040 | Lair:3   | Found a staircase to the Snake Pit.
 16160 | Lair:3   | Learned a level 1 spell: Magic Dart
 16166 | Lair:3   | Noticed a five-headed hydra
 16180 | Lair:3   | Killed a five-headed hydra
 16681 | Lair:3   | Received a gift from Nemelex Xobeh
 16702 | Lair:3   | Noticed a four-headed hydra
 16714 | Lair:3   | Killed a four-headed hydra
 17202 | Lair:3   | Reached skill level 5 in Stealth
 17238 | Lair:3   | Learned a level 4 spell: Iskenderun's Mystic Blast
 17317 | Lair:3   | Received a gift from Nemelex Xobeh
 17522 | Lair:3   | Found a staircase to the Shoals.
 18161 | Lair:4   | Reached skill level 1 in Translocations
 18420 | Lair:4   | Learned a level 1 spell: Animate Skeleton
 18575 | Lair:4   | Received a gift from Nemelex Xobeh
 18846 | Lair:4   | Noticed a death yak
 18847 | Lair:4   | Noticed a death yak
 18872 | Lair:4   | Reached skill level 1 in Necromancy
 18877 | Lair:4   | Killed a death yak
 18892 | Lair:4   | Killed a death yak
 20114 | Lair:4   | Received a gift from Nemelex Xobeh
 20300 | Lair:4   | Reached XP level 13. HP: 92/107 MP: 18/24
 20990 | Lair:5   | Received a gift from Nemelex Xobeh
 21235 | Lair:5   | Found a staircase to the Slime Pits.
 21235 | Lair:5   | Found a viscous altar of Jiyva.
 22265 | Lair:5   | Received a gift from Nemelex Xobeh
 22322 | Lair:5   | Noticed Sonja
 22342 | Lair:5   | Killed Sonja
 23456 | Lair:5   | Received a gift from Nemelex Xobeh
 24537 | D:10     | Received a gift from Nemelex Xobeh
 25678 | D:10     | Reached ****** piety under Nemelex Xobeh
 25984 | D:11     | Found a large runed translucent door.
 25990 | D:11     | Found a large runed translucent door.
 26887 | D:11     | Received a gift from Nemelex Xobeh
 28078 | D:11     | Gained mutation: You have acidic saliva. [Yellow Draconian
                  | growth]
 28078 | D:11     | Reached XP level 14. HP: 99/116 MP: 20/26
 28938 | D:11     | Found a shimmering altar of Xom.
 28941 | D:11     | Found a shimmering blue altar of Sif Muna.
 28941 | D:11     | Noticed a frost giant
 29496 | D:12     | Received a gift from Nemelex Xobeh
 29804 | D:12     | Found a staircase to the Orcish Mines.
 30593 | Orc:1    | Entered Level 1 of the Orcish Mines
 31094 | Orc:1    | Found a roughly hewn altar of Beogh.
 31309 | Orc:1    | Received a gift from Nemelex Xobeh
 31799 | Orc:1    | Noticed an orc warlord
 31817 | Orc:1    | Killed an orc warlord
 32262 | Orc:1    | Reached skill level 10 in Conjurations
 32505 | Orc:1    | Received a gift from Nemelex Xobeh
 32730 | Orc:1    | Found a roughly hewn altar of Beogh.
 32776 | Orc:1    | Learned a level 5 spell: Metabolic Englaciation
 33459 | Orc:2    | Entered Level 2 of the Orcish Mines
 34201 | Orc:2    | Reached skill level 1 in Hexes
 34503 | Orc:2    | Found a staircase to the Elven Halls.
 35784 | Orc:2    | Received a gift from Nemelex Xobeh
 35838 | Orc:2    | Found Hacix's Jewellery Shoppe.
 35838 | Orc:2    | Found Qydwienn's Magic Scroll Boutique.
 35840 | Orc:2    | Found Xureih's Armour Shop.
 35842 | Orc:2    | Found Toto's Magic Scroll Emporium.
 35848 | Orc:2    | Bought a scroll of acquirement for 780 gold pieces
 35854 | Orc:2    | Acquired the +3 Elemental Staff {rElec rF++ rC++ Will++
                  | AC+5}
 35855 | Orc:2    | Found the +3 Elemental Staff {rElec rF++ rC++ Will++ AC+5}
 35858 | Orc:2    | Bought a scroll of enchant armour for 127 gold pieces
 35858 | Orc:2    | Bought a scroll of enchant weapon for 127 gold pieces
 35861 | Orc:2    | Bought a scroll of summoning for 142 gold pieces
 36363 | D:13     | Found a corrupted altar of Lugonu.
 36365 | D:13     | You fall into a shaft and drop 2 floors!
 36365 | D:15     | Entered Level 15 of the Dungeon
 36383 | D:15     | Found Pumoorann's Jewellery Shoppe.
 36401 | D:15     | Found Pyhetsat's Jewellery Shoppe.
 36961 | D:13     | You fall into a shaft and drop 2 floors!
 37381 | D:13     | Received a gift from Nemelex Xobeh
 37383 | D:13     | Found Zitev's Weapon Shoppe.
 37947 | D:13     | HP: 2/118 [enormous slime creature (58)]
 39043 | D:14     | Reached XP level 15. HP: 126/126 MP: 24/28
 39269 | D:14     | Reached skill level 10 in Maces & Flails
 39269 | D:14     | Reached skill level 11 in Ice Magic
 39859 | D:14     | Found a gate to the Vaults.
 39867 | D:14     | Found the +0 mask of the Dragon {Will+ Slay+3 SInv}
 40126 | D:14     | Noticed Rupert
 40170 | D:14     | Killed Rupert
 40171 | D:14     | Reached skill level 10 in Fighting
 40892 | D:15     | Identified the +2 leather armour "Zepoum" {rN+}
 40956 | D:15     | Found Ceeledoi's Assorted Antiques.
 41315 | D:15     | HP: 6/126 [harpy skeleton (4)]
 41317 | D:15     | Engulfed by a death drake (shapeshifter)'s foul pestilence

Illustrated notes

Levels and vault maps discovered:
D:1:      amcnicky_arrival_blooded_trapdoor, layout_basic,
          nemelex_diamond_rough_becter
D:2:      layout_rooms
D:3:      layout_basic, uniq_natasha, uniq_crazy_yiuf_cottage
D:4:      layout_basic, kennysheep_mini, serial_shops,
          nicolae_shop_behind_doors, ebering_dispersal_statue_hall,
          kennysheep_boxes
D:5:      layout_basic, nzn_hepliaklqana_mist_gate
D:6:      layout_loops_ring, uniq_prince_ribbit1, uniq_eustachio
D:7:      layout_rooms, nicolae_overflow_hidden_temple,
          minmay_temple_entry_sparse_star, gammafunk_ghost_smash
D:8:      layout_basic, overflow_temple_1_default, david_lair_generic,
          serial_shops, shop, shop, shop, shop, uniq_joseph, uniq_pikel,
          uniq_gastronok
D:9:      layout_rooms, nicolae_tso_besieged_by_evil
D:10:     layout_gridville, minmay_diamond_spiral
D:11:     nzn_winding_woodlands_medium [nzn_winding_woodlands_5x5_checkerboard,
          nzn_winding_woodlands_5x15_longhouse, nzn_winding_woodlands_5x5_cross,
          nzn_winding_woodlands_5x5_closed_star,
          nzn_winding_woodlands_center_garden, nzn_winding_woodlands_5x5_three,
          nzn_winding_woodlands_5x5_perimeter, nzn_winding_woodlands_5x15_eye,
          nzn_winding_woodlands_5x5_default], layout_basic,
          jmf_multi_god_temple2
D:12:     layout_gridville, orc_0_dummy
D:13:     layout_basic, serial_shops, nicolae_shop_stone, tgw_lugonu_bribe
D:14:     layout_rooms, skrybe_vaults_entry_preservation, uniq_rupert
D:15:     grunt_enter_depths_magical_seal, layout_cave_pools, serial_shops,
          shop, shop, shop_fountains, shop
Lair:1:   layout_cellular_growth, nicolae_lair_grove_arrangements,
          infiniplex_staircase_pool, lemuel_fruit_tree
Lair:2:   layout_layer_cave, grunt_megastairs_1, uniq_nergalle
Lair:3:   layout_regular_city, minmay_shoals_entry_hut,
          minmay_snake_entry_guardpost_large
Lair:4:   layout_cave_pods, kennysheep_basilisk_garden, grunt_megastairs_2,
          serial_bayou_shore_a, lemuel_fruit_fields
Lair:5:   layout_roguey, slime_altar_1, minmay_shattered_shrine, uniq_sonja
Orc:1:    orc_temple, layout_diamond_mine, mines1_david
Orc:2:    st_orc_rangers, layout_caves

Skill      XL: |  1  2  3  4  5  6  7  8  9 10 11 12 13 14 15 |
---------------+----------------------------------------------+-----
Stealth        | 2 4 5 6 8 |  8.5
Dodging        | 2 3 4 5 6 7 8 |  8.9
Shields        | 1 2 3 4 |  4.0
Ice Magic      | 5 6 7 8 9 10 11 | 11.4
Spellcasting   | 3 4 5 6 7 8 9 |  9.6
Invocations    | 1 3 4 |  4.0
Summonings     | 2 4 |  4.8
Evocations     | 1 3 5 6 |  6.0
Fighting       | 2 4 6 7 8 9 10 | 10.1
Maces & Flails | 2 3 5 6 8 9 10 | 10.0
Conjurations   | 3 5 6 7 9 10 | 10.0
Translocations | 2 3 |  3.9
Necromancy     | 1 3 |  3.3
Hexes          | 2 3 |  3.2

Action                   |  1- 3 |  4- 6 |  7- 9 | 10-12 | 13-15 || total
-------------------------+-------+-------+-------+-------+-------++-------
Melee: Unarmed           |     3 |       |       |       |       ||     3
       Whip              |     2 |     3 |       |       |       ||     5
       Mace              |     4 |    45 |   109 |   177 |   378 ||   713
       Tailslap          |       |     2 |    10 |    22 |    91 ||   125
       Staff             |       |       |       |       |   148 ||   148
       Morningstar       |       |       |       |       |   161 ||   161
       Bite              |       |       |       |       |    51 ||    51
Throw: Stone             |       |     1 |       |       |       ||     1
 Cast: Freeze            |    59 |    55 |    64 |    85 |   101 ||   364
       Frozen Ramparts   |     2 |    15 |    34 |    69 |   128 ||   248
       Ozocubu's Armour  |       |     1 |    20 |    25 |    80 ||   126
       Summon Ice Beast  |       |       |     7 |       |     6 ||    13
       Searing Ray       |       |       |     2 |    14 |    24 ||    40
       Hailstorm         |       |       |       |     9 |    49 ||    58
       Animate Skeleton  |       |       |       |    15 |    46 ||    61
       Magic Dart        |       |       |       |     3 |    63 ||    66
       Iskenderun's Myst |       |       |       |     1 |    35 ||    36
       Dazzling Flash    |       |       |       |     1 |     1 ||     2
       Metabolic Englaci |       |       |       |       |     6 ||     6
Invok: Draw Destruction  |       |       |     4 |     8 |    13 ||    25
       Draw Summoning    |       |       |       |     3 |     4 ||     7
       Draw Escape       |       |       |       |     1 |     6 ||     7
       Triple Draw       |       |       |       |       |     1 ||     1
 Abil: Breathe Acid      |       |       |    10 |    21 |    46 ||    77
Evoke: Wand              |       |       |       |     3 |     6 ||     9
       Box of beasts     |       |       |       |       |     1 ||     1
  Use: Scroll            |       |    13 |     8 |     9 |    13 ||    43
       Potion            |       |       |     1 |     2 |     5 ||     8
 Stab: Sleeping          |     2 |       |     2 |     1 |    13 ||    18
       Distracted        |       |       |       |       |     5 ||     5
Armor: Skin              |    22 |    32 |    64 |    78 |   242 ||   438
Dodge: Dodged            |    29 |    57 |   116 |   216 |   581 ||   999
Block: Buckler           |     6 |    22 |    47 |   165 |   637 ||   877
       Reflection        |       |       |       |     2 |    64 ||    66
